 Dungeon Crawl Stone Soup version 0.29-a0-352-g0917bc69df (webtiles) character file.

Game seed: 16551680588613908241

72 spaghetti the Magician (level 3, 0/39 HPs)
             Began as a Demigod Conjurer on Apr 24, 2022.
             Succumbed to an adder's poison
             ... on level 3 of the Dungeon.
             The game lasted 00:02:56 (2757 turns).

spaghetti the Magician (Demigod Conjurer)           Turns: 2757, Time: 00:02:56

Health: 0/39       AC: 21    Str:  8    XL:     3   Next: 80%
Magic:  0/11       EV:  2    Int: 24    God:
Gold:   157        SH:  0    Dex: 12    Spells: 8/9 levels left

rFire   . . .      SeeInvis .   (no weapon)
rCold   . . .      Faith    .   (no shield)
rNeg    . . .      Spirit   .   (body armour currently unavailable)
rPois   +          Reflect  .   (helmet currently unavailable)
rElec   .          Harm     .   (cloak currently unavailable)
rCorr   .          Rampage  .   (gloves currently unavailable)
Will    .....      NoTele   +   (boots currently unavailable)
Stlth   ++........              (no amulet)
HPRegen 0.13/turn               (no ring)
MPRegen 0.12/turn               (no ring)

@: mighty, brilliant, lethally poisoned (0 -> -5), tree-form, attractive
A: stationary, stasis, torment immunity, boosted hp, high MP 1, forlorn, divine
attributes
a: no special abilities


You were on level 3 of the Dungeon.
You were a tree.
You visited 1 branch of the dungeon, and saw 3 of its levels.

You collected 157 gold pieces.


Innate Abilities, Weirdness & Mutations

You are a tree.
Your roots penetrate the ground, keeping you stationary.
You cannot be teleported.
You are immune to unholy pain and torment.
Your maximum health is greatly increased.
Your equipment is partially melded.
You have an increased reservoir of magic. (+10% MP)
You shall have no god before yourself.
Your divine heritage dramatically boosts your attributes as you level up.


   Skills:
 - Level 1.7 Dodging
 - Level 1.7 Stealth
 + Level 3.7 Spellcasting
 - Level 3.6 Conjurations


You had 8 spell levels left.
You knew the following spells:

 Your Spells              Type           Power      Damage    Failure   Level
a - Magic Dart            Conj           100%       1d8       2%          1

Your spell library contained the following spells:

 Spells                   Type           Power      Damage    Failure   Level
 Searing Ray              Conj           64%        2d6       3%          2
 Animate Skeleton         Necr           12%        N/A       10%         1
 Apportation              Tloc           12%        N/A       10%         1
 Summon Small Mammal      Summ           24%        N/A       10%         1
 Dazzling Flash           Conj/Hex       38%        N/A       14%         3
 Fulminant Prism          Conj/Hex       9%         3d7       43%         4
 Iskenderun's Mystic Bla  Conj/Tloc      19%        2d6       43%         4

Inventory:

Hand Weapons
 c - a +0 mace {mace}
   (You found it on level 1 of the Dungeon)
 e - a +0 spear {polearm}
   (You found it on level 1 of the Dungeon)
 h - a +0 dagger {short}
   (You found it on level 1 of the Dungeon)
 m - a +0 whip {mace}
   (You found it on level 1 of the Dungeon)
 o - a +0 trident {polearm}
   (You found it on level 1 of the Dungeon)
 p - a +0 club {mace}
   (You found it on level 1 of the Dungeon)
 q - a +0 dagger {short}
   (You took it off a kobold on level 2 of the Dungeon)
 r - a +0 hunting sling {sling}
   (You took it off a goblin on level 2 of the Dungeon)
 s - a +0 dagger {short}
   (You took it off a goblin on level 2 of the Dungeon)
 t - a +0 hunting sling {sling}
   (You found it on level 2 of the Dungeon)
 u - a +0 dagger of venom {short}
   (You found it on level 2 of the Dungeon)
 v - a +0 club {mace}
   (You took it off a kobold on level 2 of the Dungeon)
 w - a +0 quarterstaff {staff}
   (You found it on level 2 of the Dungeon)
 y - a +0 short sword {short}
   (You found it on level 2 of the Dungeon)
 z - a +0 dagger {short}
   (You took it off a kobold on level 2 of the Dungeon)
 A - a +0 mace {mace}
   (You found it on level 2 of the Dungeon)
 B - a +0 dagger {short}
   (You took it off a goblin on level 2 of the Dungeon)
 C - a +0 whip {mace}
   (You took it off a goblin on level 2 of the Dungeon)
 G - a +0 dagger {short}
   (You found it on level 2 of the Dungeon)
 J - a +0 club {mace}
   (You took it off a goblin on level 3 of the Dungeon)
 L - a +0 mace {mace}
   (You found it on level 3 of the Dungeon)
Missiles
 l - 79 stones {throwing}
 K - 2 boomerangs {throwing}
Armour
 a - a +0 robe (melded)
Jewellery
 D - a ring of positive energy
   (You took it off a goblin on level 2 of the Dungeon)
Scrolls
 d - a scroll of summoning {unknown}
 f - 5 scrolls of identify {unknown}
 i - 3 scrolls of teleportation {unknown}
 n - a scroll of blinking {unknown}
 F - a scroll of holy word {unknown}
 H - 2 scrolls of immolation {unknown}
 I - a scroll of noise {unknown}
Potions
 b - a potion of magic
 g - a potion of attraction {!q}
 j - a potion of brilliance
 x - 2 potions of curing {unknown}

Dungeon Overview and Level Annotations

Branches:
Dungeon (3/15)

Shops:
D:1 !

Annotations:
D:3 2 transporters, Darius099's ghost, amateur GrFi

# ...... ##. ...... #..
)....####.###
............ ...#.......
........###
#######S#......#
8.8.8.8♣#......#
....)..).......#
......).)......# /.
....)...)......# ##.#
...(...........####...
....!...........##..#
8.8.8.8.........##.#
############.##.#..#####
.............[........


You could see an adder.


Message History

Confirm with . or Enter, or press ? or * to list all spells.
Aiming: Magic Dart (safe; 2% risk of failure)
Press: ? - help, Shift-Dir - straight line, f/p - goblin
Aim: a goblin, wielding a +0 club (severely wounded, 100% to hit)
The magic dart hits the goblin.
You kill the goblin!
The goblin hits you with a +0 club. 😕 HP[-1]
You take 1 damage, and now have 25/26 hp.
Casting: Magic Dart (safe; 2% risk of failure)
Confirm with . or Enter, or press ? or * to list all spells.
Aiming: Magic Dart (safe; 2% risk of failure)
Press: ? - help, Shift-Dir - straight line, f - goblin
Aim: a goblin, wielding a +0 club (100% to hit)
The magic dart hits the goblin.
The goblin barely misses you. The hobgoblin closely misses you.
The goblin completely misses you. 😕 MP[-1]
You lost 1 mp, and now have 2/11 mp.
Casting: Magic Dart (safe; 2% risk of failure)
Confirm with . or Enter, or press ? or * to list all spells.
Aiming: Magic Dart (safe; 2% risk of failure)
Press: ? - help, Shift-Dir - straight line, f/p - goblin
Aim: a goblin, wielding a +0 club (moderately wounded, 100% to hit)
The magic dart hits the goblin.
You kill the goblin!
The goblin hits you but does no damage.
The hobgoblin closely misses you. 😎 HP[+1] MP[-1]
Your hp is fully restored (26).
You lost 1 mp, and now have 1/11 mp.
Casting: Magic Dart (safe; 2% risk of failure)
Confirm with . or Enter, or press ? or * to list all spells.
Aiming: Magic Dart (safe; 2% risk of failure)
Press: ? - help, Shift-Dir - straight line, f - hobgoblin
Aim: a hobgoblin (100% to hit)
The magic dart hits the hobgoblin.
The hobgoblin hits you.
The goblin hits you but does no damage. 😕 HP[-3] MP[-1]
You take 3 damage, and now have 23/26 hp.
You lost 1 mp, and now have 0/11 mp.
Casting: Magic Dart (safe; 2% risk of failure)
Confirm with . or Enter, or press ? or * to list all spells.
You don't have enough magic to cast this spell.
Casting: Magic Dart (safe; 2% risk of failure)
Confirm with . or Enter, or press ? or * to list all spells.
You don't have enough magic to cast this spell.
Really attack while wielding nothing?
You hit the hobgoblin but do no damage. The goblin barely misses you.
The hobgoblin misses you.
You closely miss the hobgoblin.
An adder comes into view.
The hobgoblin misses you.
The goblin hits you with a +0 dagger. 😕 HP[-3]
You take 3 damage, and now have 20/26 hp.
You hit the hobgoblin.
You kill the hobgoblin!
The goblin hits you with a +0 dagger. 😮 HP[-2]
You take 2 damage, and now have 18/26 hp.
The goblin attacks as you move away!
The goblin completely misses you. 😮 MP[+1]
Casting: Magic Dart (safe; 2% risk of failure)
Confirm with . or Enter, or press ? or * to list all spells.
Aiming: Magic Dart (safe; 2% risk of failure)
Press: ? - help, Shift-Dir - straight line, f - goblin
Aim: a goblin, wielding a +0 dagger (100% to hit)
The magic dart hits the goblin!
You kill the goblin! 😮 MP[-1]
You lost 1 mp, and now have 0/11 mp.
You hit the adder. The adder bites you.
You are poisoned.
The adder poisons you! The adder bites you.
* * * LOW HITPOINT WARNING * * *
You are lethally poisoned!
The adder poisons you! 😨 HP[-7]
You take 7 damage, and now have 11/26 hp.
MASSIVE DAMAGE!! (PAUSE) It was a potion of attraction.
You feel attractive to monsters.
* * * LOW HITPOINT WARNING * * *
You feel very sick. The adder barely misses you. 😨 HP[-3]
You take 3 damage, and now have 8/26 hp.
It was a potion of brilliance.
You feel clever all of a sudden.
* * * LOW HITPOINT WARNING * * *
You feel sick.
The adder bites you but does no damage. 😱 HP[-2]
You take 2 damage, and now have 6/26 hp.
It was a potion of might.
You feel very mighty all of a sudden.
* * * LOW HITPOINT WARNING * * *
You feel sick. The adder bites you.
* * * LOW HITPOINT WARNING * * *
😱 HP[-5]
You take 5 damage, and now have 1/26 hp.
It was a potion of lignification.
You turn into a tree.
Your +0 robe melds into your body.
Your roots penetrate the ground.
You die...

Skill      XL: |  1  2 |
---------------+-------+-----
Spellcasting   | 2 3 |  3.7
Dodging        | |  1.7
Stealth        | |  1.7
Conjurations   | |  3.6

Action                   || total
-------------------------++-------
Melee: Unarmed           ||     4
 Cast: Magic Dart        ||   110
  Use: Potion            ||     4
Armor: Robe              ||     8
Dodge: Dodged            ||    13

Levels and vault maps discovered:
D:1:      dpeg_arrival_long_road, layout_basic,
          hellmonk_ecumenical_altar_arch_garden, serial_shops,
          nicolae_shop_trees
D:2:      layout_basic, chequers_serial_rivers_large_b
D:3:      kennysheep_the_goblin_king, layout_rooms, gammafunk_ghost_mausoleum

Notes
Turn   | Place    | Note
-------+----------+-------------------------------------------
     0 | D:1      | spaghetti the Demigod Conjurer began the quest for the Orb.
     0 | D:1      | Reached XP level 1. HP: 14/14 MP: 5/5
     0 | D:1      | magus.rc [v1.9.6]
   163 | D:1      | Reached skill level 2 in Spellcasting
   300 | D:1      | Found Ojey's Distillery.
   437 | D:1      | Reached XP level 2. HP: 20/20 MP: 4/8
  1244 | D:2      | Reached skill level 3 in Spellcasting
  1273 | D:2      | Reached XP level 3. HP: 26/26 MP: 1/10
  2637 | D:3      | Found a transporter.
  2637 | D:3      | Noticed Darius099's ghost (amateur GrFi)
  2673 | D:3      | You pick up a book of Cantrips and begin reading...
  2673 | D:3      | You add the spells Animate Skeleton, Summon Small Mammal
                  | and Apportation to your library.
  2695 | D:3      | Found a transporter.
  2755 | D:3      | HP: 6/26 [poisoned by an adder]
  2756 | D:3      | HP: 1/26 [adder (4)]
  2757 | D:3      | Succumbed to an adder's poison

Vanquished Creatures
  An adder (D:2)
  3 dart slugs
  5 ball pythons
  14 bats
  2 endoplasms (D:1)
  4 giant cockroaches
  10 goblins
  6 hobgoblins
  A quokka (D:2)
  4 frilled lizards
  3 kobolds (D:2)
  A rat (D:1)
54 creatures vanquished.

Table legend:
 A = Non-vault XP
 B = Vault XP
 C = Vault XP percentage of total XP
 D = Non-vault monster count
 E = Vault monster count
 F = Vault count percentage of total count
                 A         B        C        D         E       F
            +---------+---------+-------+---------+---------+-------
      Total |      91 |      12 |  11.7 |      47 |       7 |  13.0
            +---------+---------+-------+---------+---------+-------
        D:1 |      31 |       0 |   0.0 |      18 |       0 |   0.0
        D:2 |      52 |       0 |   0.0 |      24 |       0 |   0.0
        D:3 |       8 |      12 |  60.0 |       5 |       7 |  58.3
            +---------+---------+-------+---------+---------+-------

Illustrated notes

Table legend:
 A = Kills in this place as a percentage of kills in entire the game.
 B = Kills by you in this place as a percentage of kills by you in the entire game.
 C = Kills by friends in this place as a percentage of kills by friends in the entire game.
 D = Other kills in this place as a percentage of other kills in the entire game.
 E = Experience gained in this place as a percentage of experience gained in the entire game.
 F = Experience gained in this place divided by the number of levels of this place that you have seen.
                   A       B       C       D       E      F
               +-------+-------+-------+-------+-------+----------------------
         Total | 100.0 | 100.0 |   N/A |   N/A | 100.0 |  34.3
       Dungeon | 100.0 | 100.0 |   N/A |   N/A | 100.0 |  34.3
               +-------+-------+-------+-------+-------+----------------------

Table legend: (Time is in decaauts)
 A = Elapsed time spent in this place.
 B = Non-inter-level travel time spent in this place.
 C = Inter-level travel time spent in this place.
 D = Time resting spent in this place.
 E = Time spent auto-exploring this place.
 F = Levels seen in this place.
 G = Mean time per level.
                   A        B        C        D        E       F      G
               +--------+--------+--------+--------+--------+-----+--------+
         Total |   2782 |   2756 |     26 |     68 |   2484 |   3 |  927.3 |
       Dungeon |   2782 |   2756 |     26 |     68 |   2484 |   3 |  927.3 |
               +--------+--------+--------+--------+--------+-----+--------+

Top non-repeatable levels by time:
     D:2: 1318 daAuts
     D:1: 1142 daAuts
     D:3: 321 daAuts
